 Dungeon Crawl Stone Soup version 0.27-a0-1036-g8e1b44f6bd (webtiles) character file.

Game seed: 14466401160370097210

11683 sizableburger the Thaumaturge (level 11, -1/80 HPs)
             Began as a Mummy Air Elementalist on Apr 19, 2021.
             Was a High Priest of Ru.
             Killed by an exploding elephant (81 damage)
             ... ignited by their inner flame
             ... on level 2 of the Lair of Beasts.
             The game lasted 01:17:50 (21718 turns).

sizableburger the Thaumaturge (MuAE)               Turns: 21718, Time: 01:17:52

Health: -1/80      AC: 15    Str: 12    XL:     11   Next: 52%
Magic:  3/25       EV: 11    Int: 17    God:    Ru [*****.]
Gold:   433        SH:  0    Dex: 13    Spells: 18/31 levels left

rFire    x . .     SeeInvis .   k - +5 mace (elec)
rCold    + . .     Faith    .   (shield unavailable)
rNeg     + + +     Spirit   .   m - +0 acid dragon scales
rPois    ∞         Reflect  .   p - +2 helmet
rElec    .         Harm     .   h - +2 cloak
rCorr    +         Rampage  .   v - +1 pair of gloves
Will     ++...                  (no boots)
Stlth    +.........             (no amulet)
HPRegen  0.23/turn              (ring unavailable)
MPRegen  0.19/turn              q - ring of willpower

@: no status effects
A: cold resistance 1, negative energy resistance 3, torment resistance 2,
unbreathing 1, heat vulnerability 1, missing a hand, inexperienced 1, no potions
a: Renounce Religion, Draw Out Power, Power Leap, Apocalypse


You were on level 2 of the Lair of Beasts.
You worshipped Ru.
Ru was extremely pleased with you.
You visited 2 branches of the dungeon, and saw 12 of its levels.
You also visited: Ossuary.

You collected 433 gold pieces.

Inventory:

Hand Weapons
 k - a +5 mace of electrocution (weapon)
Missiles
 c - 42 poisoned darts
 u - 7 javelins
 x - 2 curare-tipped darts
Armour
 h - a +2 cloak (worn)
 m - +0 acid dragon scales (worn)
 o - a +1 robe of willpower
 p - a +2 helmet (worn)
 v - a +1 pair of gloves (worn)
Jewellery
 e - a ring of ice
 f - a ring of fire
 j - a ring of willpower
 l - a ring of resist corrosion
 q - a ring of willpower (right hand)
 t - a ring of magical power
 y - a +6 ring of dexterity
Wands
 d - a wand of charming (9)
 r - a wand of iceblast (3)
 w - a wand of mindburst (12)
 A - a wand of flame (15)
Scrolls
 a - 3 scrolls of identify
 b - 8 scrolls of amnesia
 g - 3 scrolls of vulnerability
 i - a scroll of brand weapon
 n - 2 scrolls of fog
 s - 3 scrolls of noise
 z - a scroll of teleportation
 B - a scroll of summoning


   Skills:
 + Level 5.2 Fighting
 - Level 1.0 Short Blades
 - Level 5.0 Maces & Flails
 - Level 2.9 Throwing
 - Level 3.0 Armour
 - Level 1.5 Dodging
 - Level 1.5 Stealth
 - Level 10.5 Spellcasting
 + Level 5.8 Conjurations
 + Level 4.1 Hexes
 - Level 4.2 Fire Magic
 - Level 6.2 Air Magic
 + Level 0.3 Earth Magic
 + Level 4.0 Evocations


You had 18 spell levels left.
You knew the following spells:

 Your Spells              Type           Power      Damage    Failure   Level
a - Shock                 Conj/Air       100%       1d9       1%          1
b - Static Discharge      Conj/Air       29%        N/A       1%          2
c - Swiftness             Air            30%        N/A       2%          3
d - Airstrike             Air            15%        N/A       9%          4
e - Inner Flame           Hex/Fire       23%        N/A       6%          3

Your spell library contained the following spells:

 Spells                   Type           Power      Damage    Failure   Level
 Foxfire                  Conj/Fire      100%       2x1d9     1%          1
 Corona                   Hex            25%        N/A       2%          1
 Conjure Flame            Conj/Fire      26%        6-21      4%          3
 Tukima's Dance           Hex            23%        N/A       6%          3
 Animate Skeleton         Necr           16%        N/A       12%         1
 Apportation              Tloc           16%        N/A       12%         1
 Summon Small Mammal      Summ           32%        N/A       12%         1
 Sticky Flame             Conj/Fire      26%        2d5       14%         4
 Lightning Bolt           Conj/Air       14%        1d28      26%         5
 Iskenderun's Battlesphe  Conj           28%        2d8       30%         5
 Lesser Beckoning         Tloc           4%         N/A       34%         3
 Fireball                 Conj/Fire      13%        3d7       38%         5
 Bolt of Magma            Conj/Fire/Erth 10%        4d7       61%         5
 Alistair's Intoxication  Tmut/Pois      5%         N/A       97%         5
 Invisibility             Hex            23%        N/A       97%         6
 Iron Shot                Conj/Erth      9%         9d3       99%         6
 Orb of Destruction       Conj           14%        9d7       100%        7
 Spellforged Servitor     Conj/Summ      9%         N/A       100%        7


Dungeon Overview and Level Annotations

Branches:
Dungeon (10/15)            Temple (0/1) D:7            Lair (2/6) D:9
 Shoals (0/4) Lair:2        Snake (0/4) Lair:2      Ossuary (visited)
    Orc: D:9-12

Altars:
Ashenzari
Dithmenos
Elyvilon
Gozag
Hepliaklqana
Kikubaaqudgha
Makhleb
Okawaru
Ru
Trog
Uskayaw
Xom
Zin
The Shining One

Shops:
D:9 (

Annotations:
D:5 1 runed translucent door, Crazy Yiuf
D:10 Fannar, Joseph


Innate Abilities, Weirdness & Mutations

You are immune to poison.
Your flesh is cold resistant. (rC+)
You are immune to negative energy. (rN+++)
You are immune to unholy pain and torment.
You can survive without breathing.
You are vulnerable to heat. (rF-)
You are missing a hand.
You are somewhat inexperienced. (-2 XL)
You do not drink.


Message History

Flame seeps out of the elephant.
Casting: Airstrike (dangerous; 9% risk of failure)
Confirm with . or Enter, or press ? or * to list all spells.
Aiming: Airstrike (dangerous; 9% risk of failure)
Press: ? - help, Dir - move target, f/p - elephant
Aim: an elephant (moderately wounded, inner flame)
The air twists around and strikes the elephant!
Flame seeps out of the elephant.
The elephant is moderately wounded.
An elephant comes into view.
The elephant is engulfed in blazing flames.
Flame seeps out of the elephant.
Casting: Airstrike (dangerous; 9% risk of failure)
Confirm with . or Enter, or press ? or * to list all spells.
Aiming: Airstrike (dangerous; 9% risk of failure)
Press: ? - help, Dir - move target, f/p - elephant
Aim: an elephant (heavily wounded, inner flame)
The air twists around and strikes the elephant!
Flame seeps out of the elephant.
The elephant is severely wounded.
The elephant trumpets!
The elephant is engulfed in blazing flames.
Flame seeps out of the elephant.
The elephant is engulfed in blazing flames.
Casting: Airstrike (dangerous; 9% risk of failure)
Confirm with . or Enter, or press ? or * to list all spells.
Aiming: Airstrike (dangerous; 9% risk of failure)
Press: ? - help, Dir - move target, f/p - elephant
Aim: an elephant (almost dead, inner flame)
The air twists around and strikes the elephant!
The elephant explodes!
The fiery explosion engulfs the elephant!!
The elephant is heavily wounded.
The fiery explosion engulfs the elephant!!
The elephant is heavily wounded.
The fiery explosion engulfs the elephant!
The elephant is lightly wounded.
The fiery explosion engulfs you!!!! The fire burns you terribly!
Ouch! That really hurt!
You die...

.............#.###.........P.###.
...........#.#.##P.........##.##.
.................................
.#P..#..####......##.......#.#.P.
...>.............................
...##.##P.#......P.#.##..#.P.....
.................................
..P#...Y≈....§.§..##.P.###..##.#.
....≈≈≈≈≈P..Y§§§@................
#..≈≈≈≈≈≈≈.##○§#..#.......#......
..≈≈≈..Y≈≈Y≈YY...................
.≈≈≈≈.P≈.≈≈Y........##...........
.≈≈.......≈≈................†....
.≈≈...>...≈≈P.#......##..##..<...
.≈≈..≈....≈≈#.P.......##.###.....
.≈≈≈.....≈≈≈.....................
.P≈≈≈...≈≈≈.....#..........P.....


You could see 5 elephants.

Vanquished Creatures
  A two-headed ogre (D:9)
  Pikel (D:6)
  A manticore (Lair:2)
  An elephant (Lair:2)
  A black mamba (Lair:1)
  Maggie (D:6)
  A cane toad (Lair:1)
  2 komodo dragons
  A wind drake (Lair:2)
  Prince Ribbit (D:7)
  5 blink frogs
  A wyvern (D:8)
  A wraith (D:9)
  13 yaks
  A basilisk (Lair:2)
  Menkaure (Ossuary)
  Duvessa (D:6)
  3 water moccasins
  2 ice beasts (D:6)
  An orc warrior (D:6)
  A black bear (Lair:2)
  A necrophage (D:3)
  3 sky beasts
  3 ogres
  A centaur (D:8)
  10 wolves
  A phantom (D:6)
  4 lemures (D:7)
  4 kobold brigands
  Blork the orc (D:6)
  3 bullfrogs
  2 scorpions
  A water moccasin zombie (D:5)
  2 elf skeletons (D:5)
  Dowan (D:6)
  3 water moccasin skeletons
  12 killer bees
  8 wights (D:8)
  A bullfrog zombie (D:5)
  3 howler monkeys (D:7)
  2 centaur zombies (D:8)
  A bullfrog skeleton (D:6)
  3 centaur skeletons
  2 orc priests
  4 hounds
  4 orc wizards
  A scorpion zombie (D:5)
  A human skeleton (D:5)
  2 iguanas (D:5)
  2 hound skeletons
  3 mummies (Ossuary)
  A howler monkey zombie (D:7)
  6 gnolls
  4 adders
  A shadow imp (D:5)
  3 white imps
  An ufetubus (D:5)
  2 dart slugs
  2 worms
  15 orcs
  4 ball pythons
  5 bats
  9 endoplasms
  4 giant cockroaches
  10 goblins
  5 hobgoblins
  13 jackals
  3 quokkas
  3 frilled lizards
  2 gnoll skeletons (Ossuary)
  4 gnoll zombies (Ossuary)
  4 goblin skeletons (Ossuary)
  8 goblin zombies (Ossuary)
  4 hobgoblin skeletons (Ossuary)
  4 hobgoblin zombies (Ossuary)
  31 kobolds
  4 kobold skeletons (Ossuary)
  2 kobold zombies (Ossuary)
  7 orc skeletons
  4 orc zombies (Ossuary)
  9 rats
  5 rat skeletons (Ossuary)
  2 rat zombies (Ossuary)
311 creatures vanquished.

Vanquished Creatures (others)
  A goblin skeleton (Ossuary)
  A hobgoblin skeleton (Ossuary)
  A kobold (D:8)
  A rat zombie (Ossuary)
  A bush (Lair:2)
  26 fungi
  26 plants
57 creatures vanquished.

Grand Total: 368 creatures vanquished

Notes
Turn   | Place    | Note
-------+----------+-------------------------------------------
     0 | D:1      | sizableburger the Mummy Air Elementalist began the quest
                  | for the Orb.
     0 | D:1      | Reached XP level 1. HP: 13/13 MP: 4/4
   491 | D:1      | Reached XP level 2. HP: 20/20 MP: 1/5
   608 | D:1      | Learned a level 2 spell: Static Discharge
   630 | D:1      | Reached skill level 3 in Spellcasting
   796 | D:1      | Found a faded altar of an unknown god.
   806 | D:1      | Reached skill level 1 in Conjurations
   852 | D:1      | Reached skill level 1 in Fighting
  1317 | D:1      | Reached XP level 3. HP: 26/26 MP: 4/7
  1556 | D:1      | Learned a level 3 spell: Swiftness
  1911 | D:1      | Reached skill level 1 in Short Blades
  2903 | D:2      | Reached XP level 4. HP: 33/33 MP: 6/8
  3909 | D:3      | Noticed a necrophage
  3948 | D:3      | Killed a necrophage
  3949 | D:3      | Reached XP level 5. HP: 36/38 MP: 0/10
  4146 | D:3      | Found an iron altar of Okawaru.
  4159 | D:3      | Found an opulent altar of Gozag.
  4192 | D:3      | Reached skill level 1 in Maces & Flails
  4262 | D:3      | Found a sacrificial altar of Ru.
  4278 | D:3      | Became a worshipper of Ru the Awakened
  4479 | D:3      | Learned a level 4 spell: Airstrike
  5634 | D:4      | Found a hide-covered altar of Uskayaw.
  5670 | D:4      | Found a hazy altar of Hepliaklqana.
  5675 | D:4      | Gained mutation: You are somewhat inexperienced. (-2 XL)
                  | [Ru sacrifice]
  5675 | D:4      | Reached XP level 4. HP: 33/33 MP: 9/9
  5675 | D:4      | Reached XP level 3. HP: 27/27 MP: 8/8
  5675 | D:4      | Reached * piety under Ru
  5675 | D:4      | Reached ** piety under Ru
  5791 | D:4      | Reached skill level 4 in Spellcasting
  5888 | D:4      | Killed a scorpion
  5889 | D:4      | Reached XP level 4. HP: 29/33 MP: 2/10
  6134 | D:4      | Reached XP level 5. HP: 33/38 MP: 11/11
  6199 | D:4      | Found a burning altar of Makhleb.
  6214 | D:4      | Found a broken altar of Ashenzari.
  6357 | D:5      | Entered Level 5 of the Dungeon
  6726 | D:5      | Reached skill level 5 in Spellcasting
  6726 | D:5      | Reached XP level 6. HP: 35/44 MP: 13/13
  7031 | D:5      | Found a sand-covered staircase.
  7036 | Ossuary  | Entered an ossuary
  8259 | Ossuary  | Noticed Menkaure
  8265 | Ossuary  | Killed Menkaure
  8266 | Ossuary  | Reached XP level 7. HP: 22/50 MP: 5/15
  8860 | D:5      | Found a runed translucent door.
  8861 | D:5      | Noticed Crazy Yiuf
  9304 | D:6      | Reached skill level 6 in Spellcasting
  9686 | D:6      | Reached XP level 8. HP: 33/56 MP: 17/17
  9904 | D:6      | Reached skill level 5 in Air Magic
 10034 | D:6      | Found a shimmering altar of Xom.
 10206 | D:5      | Reached skill level 7 in Spellcasting
 10633 | D:6      | Noticed Blork the orc
 10639 | D:6      | Learned a level 3 spell: Inner Flame
 10662 | D:6      | Killed Blork the orc
 10776 | D:6      | Noticed Maggie
 10807 | D:6      | Killed Maggie
 10808 | D:6      | Reached skill level 1 in Hexes
 10808 | D:6      | Reached skill level 1 in Fire Magic
 10808 | D:6      | Reached XP level 9. HP: 39/64 MP: 1/20
 11208 | D:6      | Noticed Duvessa
 11208 | D:6      | Noticed Dowan
 11226 | D:6      | Killed Dowan
 11239 | D:6      | Killed Duvessa
 11474 | D:6      | You fall into a shaft and drop 3 floors!
 11773 | D:6      | Noticed Pikel
 11980 | D:7      | Noticed Prince Ribbit
 11983 | D:7      | Killed Prince Ribbit
 11984 | D:7      | Reached skill level 1 in Armour
 12536 | D:6      | Killed Pikel
 13083 | D:7      | Reached skill level 8 in Spellcasting
 13542 | D:7      | Identified the +1 plate armour "Desuloz" {Dex+3 SInv}
 13736 | D:7      | Found a staircase to the Ecumenical Temple.
 14112 | D:7      | Reached XP level 10. HP: 71/71 MP: 16/22
 15591 | D:8      | Reached skill level 1 in Throwing
 15591 | D:8      | Reached skill level 1 in Evocations
 15941 | D:9      | Noticed a two-headed ogre
 15954 | D:9      | Killed a two-headed ogre
 15955 | D:9      | Reached skill level 9 in Spellcasting
 16284 | D:9      | Found Zadoss's Weapon Shop.
 16332 | D:9      | Found a staircase to the Lair.
 16619 | D:9      | Found an ancient bone altar of Kikubaaqudgha.
 16620 | D:9      | Found a shadowy altar of Dithmenos.
 16817 | D:9      | Found a bloodstained altar of Trog.
 16877 | D:10     | Entered Level 10 of the Dungeon
 16891 | D:10     | Noticed Joseph
 17070 | D:10     | Noticed Fannar
 17208 | Lair:1   | Entered Level 1 of the Lair of Beasts
 17310 | Lair:1   | Noticed a cane toad
 18507 | Lair:1   | Reached skill level 5 in Fighting
 18581 | Lair:1   | Reached XP level 11. HP: 36/79 MP: 14/24
 18987 | Lair:1   | Gained mutation: You are missing a hand. [Ru sacrifice]
 18987 | Lair:1   | Reached *** piety under Ru
 18987 | Lair:1   | Reached **** piety under Ru
 18987 | Lair:1   | Reached ***** piety under Ru
 19215 | Lair:1   | Reached skill level 5 in Conjurations
 19700 | Lair:2   | Found a staircase to the Snake Pit.
 19940 | Lair:2   | Reached skill level 10 in Spellcasting
 21341 | Lair:2   | Found a staircase to the Shoals.
 21404 | Lair:2   | Reached skill level 5 in Maces & Flails
 21718 | Lair:2   | Killed by an exploding elephant... ignited by their inner
                  | flame

Illustrated notes

Levels and vault maps discovered:
D:1:      mrwooster_arrival_statue_2, layout_basic,
          ebering_ecumenical_altar_box, minmay_pentomino_r2
D:2:      layout_basic, serial_forest, infiniplex_forest_lined_room_2,
          infiniplex_forest_lined_room_2, infiniplex_forest_straight_1,
          infiniplex_forest_end_2, infiniplex_forest_clump_diagonal,
          infiniplex_forest_straight_2, infiniplex_forest_clump_long,
          st_stairs_3, chequers_mini_garden
D:3:      layout_rooms, nicolae_ru_awakened_eye, overflow_temple_1_default,
          okawaru_ov_weapons_minmay, minmay_fractal_squares_5
D:4:      layout_layer_cave, kennysheep_mini, nicolae_overflow_quartered_altars
D:5:      layout_rooms, nicolae_ossuary_entry_catacombs, uniq_crazy_yiuf_cottage
D:6:      layout_basic, hangedman_feature_mirror, minmay_statues_item,
          uniq_pikel, uniq_maggie, uniq_duvessa, uniq_blork_the_orc
D:7:      layout_rooms, temple_pool_b, uniq_prince_ribbit1
D:8:      layout_loops_cross
D:9:      layout_big_octagon, lightli_temple_of_fire,
          gammafunk_temple_overflow_claw, dpeg_oklobed_lair, serial_shops,
          nicolae_shop_waterfront
D:10:     layout_basic, uniq_joseph, uniq_maurice, uniq_snorg, uniq_fannar,
          uniq_grum
Lair:1:   layout_cave_pods, chequers_serial_rivers_small_3,
          infiniplex_staircase_pool_2
Lair:2:   layout_long_grid, minmay_shoals_entry_beasts,
          guppyfry_snake_entry_island

Skill      XL: |  1  2  3  4  5  6  7  8  9 10 11 |
---------------+----------------------------------+-----
Spellcasting   | 3 4 5 6 7 8 9 10 | 10.5
Conjurations   | 1 2 3 4 5 |  5.8
Fighting       | 1 2 3 4 5 |  5.2
Short Blades   | 1 |  1.0
Air Magic      | 3 4 5 6 |  6.2
Maces & Flails | 2 3 4 5 |  5.0
Hexes          | 1 3 4 |  4.1
Fire Magic     | 1 3 4 |  4.2
Armour         | 2 3 |  3.0
Throwing       | 2 |  2.9
Evocations     | 2 4 |  4.0
Dodging        | |  1.5
Stealth        | |  1.5
Earth Magic    | |  0.3

Action                   |  1- 3 |  4- 6 |  7- 9 | 10-12 || total
-------------------------+-------+-------+-------+-------++-------
Melee: Short sword       |    67 |     1 |       |       ||    68
       Mace              |     1 |   144 |   102 |    34 ||   281
       Dagger            |       |    27 |       |       ||    27
 Cast: Shock             |    65 |    76 |    66 |    51 ||   258
       Static Discharge  |    11 |    29 |    27 |    11 ||    78
       Airstrike         |       |       |    48 |   116 ||   164
       Swiftness         |       |       |     5 |    12 ||    17
       Inner Flame       |       |       |     9 |    31 ||    40
Invok: Sacrifice Experie |     1 |       |       |       ||     1
       Reject Sacrifices |       |       |     1 |       ||     1
       Power Leap        |       |       |       |     1 ||     1
       Apocalypse        |       |       |       |     1 ||     1
       Sacrifice a Hand  |       |       |       |     1 ||     1
Evoke: Wand              |       |       |       |     6 ||     6
  Use: Scroll            |       |     5 |    11 |     5 ||    21
 Stab: Sleeping          |     1 |     3 |     2 |     1 ||     7
       Distracted        |       |     2 |       |       ||     2
       Invisible         |       |       |       |     1 ||     1
Armor: Robe              |    21 |    64 |    26 |       ||   111
       Acid dragon scale |       |       |    40 |    61 ||   101
Dodge: Dodged            |    81 |   135 |   130 |    94 ||   440

Table legend: (Time is in decaauts)
 A = Elapsed time spent in this place.
 B = Non-inter-level travel time spent in this place.
 C = Inter-level travel time spent in this place.
 D = Time resting spent in this place.
 E = Time spent auto-exploring this place.
 F = Levels seen in this place.
 G = Mean time per level.
                   A        B        C        D        E       F      G
               +--------+--------+--------+--------+--------+-----+--------+
         Total |  21811 |  20536 |   1275 |  10100 |   7056 |  13 | 1677.8 |
       Dungeon |  16635 |  15526 |   1109 |   7307 |   5788 |  10 | 1663.5 |
          Lair |   3680 |   3514 |    166 |   1848 |   1132 |   2 | 1840.0 |
       Ossuary |   1495 |   1495 |      0 |    945 |    136 |   1 | 1495.0 |
               +--------+--------+--------+--------+--------+-----+--------+

Top non-repeatable levels by time:
     D:6: 2908 daAuts
  Lair:1: 2690 daAuts
     D:9: 2135 daAuts
     D:4: 2123 daAuts
     D:8: 2010 daAuts
     D:1: 1969 daAuts
     D:2: 1659 daAuts
     D:5: 1580 daAuts
 Ossuary: 1495 daAuts
     D:7: 1299 daAuts
  Lair:2: 989 daAuts
     D:3: 894 daAuts
    D:10: 54 daAuts
